HSSL
COWETA HS TIGERS @ BISHOP VEROT HS
04/29/2023
 
TOP OF THE 1ST
Coweta HS Tigers batting - Pitching for Bishop Verot HS : RHP Mathew Wilcox
Pitching: RHP Mathew Wilcox
Batting: RHB Matt Vargas 0-0: Ball
1-0: Ball
2-0: Ball
3-0: Base on Balls
Batting: LHB Jim Clemente 0-0: Called Strike
0-1: SINGLE (Line Drive, 78M)
Matt Vargas to second
Batting: RHB José Cisneros 0-0: SINGLE (Line Drive, 6MD)
Matt Vargas to third
Jim Clemente to second
Batting: RHB Pat Fernández 0-0: Ball
1-0: Ball
2-0: Called Strike
2-1: Ball
3-1: Base on Balls
Matt Vargas scores
Jim Clemente to third
José Cisneros to second
Batting: RHB Héctor Vázquez 0-0: Fly out, F9 (Flyball, 9M)
Runner from 3rd tags up, SCORES, no throw
Batting: RHB Phil Shaw 0-0: Swinging Strike
0-1: Called Strike
0-2: Ball
1-2: Strikes out swinging
Batting: RHB Jon Waller 0-0: Ball
1-0: Called Strike
1-1: Foul Ball, location: 2F
1-2: Foul Ball, location: 2F
1-2: Fly out, F8 (Flyball, 8LM)
Top of the 1st over - 2 run(s), 2 hit(s), 0 error(s), 2 left on base; Coweta HS 2 - Bishop Verot HS 0
BOTTOM OF THE 1ST
Bishop Verot HS batting - Pitching for Coweta HS Tigers : RHP Will Whittier
Pitching: RHP Will Whittier
Batting: RHB Vincent Hancock 0-0: Called Strike
0-1: Swinging Strike
0-2: Ball
1-2: Strikes out swinging
Batting: RHB Luis Morales 0-0: Ball
1-0: Called Strike
1-1: Swinging Strike
1-2: Strikes out looking
Batting: RHB Michael Hall 0-0: Ball
1-0: Ball
2-0: Ball
3-0: Base on Balls
Batting: RHB Nick Vogel 0-0: Called Strike
Michael Hall is caught stealing 2nd base
Bottom of the 1st over - 0 run(s), 0 hit(s), 0 error(s), 0 left on base; Coweta HS 2 - Bishop Verot HS 0
TOP OF THE 2ND
Coweta HS Tigers batting - Pitching for Bishop Verot HS : RHP Mathew Wilcox
Batting: RHB Leonard Martínez 0-0: Ball
1-0: Ground out 5-3 (Groundball, 5)
Batting: RHB Joe LaFontaine 0-0: Ball
1-0: Foul Ball, location: 2F
1-1: Foul Ball, location: 2F
1-2: Strikes out swinging
Batting: RHB Matt Vargas 0-0: Ball
1-0: Swinging Strike
1-1: Ball
2-1: Called Strike
2-2: Foul Ball, location: 2F
2-2: Foul Ball, location: 2F
2-2: Ball
3-2: Ground out U3 (Groundball, 3S)
Top of the 2nd over - 0 run(s), 0 hit(s), 0 error(s), 0 left on base; Coweta HS 2 - Bishop Verot HS 0
BOTTOM OF THE 2ND
Bishop Verot HS batting - Pitching for Coweta HS Tigers : RHP Will Whittier
Batting: RHB Nick Vogel 0-0: Called Strike
0-1: Ball
1-1: SOLO HOME RUN (Flyball, 9LD), Distance : 337 ft
Batting: RHB Jon Foster 0-0: Swinging Strike
0-1: TRIPLE (Line Drive, 89M)
Batting: RHB Terry Perkins 0-0: Called Strike
0-1: Ball
1-1: Ball
2-1: SINGLE (Line Drive, 4MD)
Jon Foster scores
Batting: LHB Sandro Márquez 0-0: Called Strike
0-1: Called Strike
0-2: Strikes out looking
Batting: RHB Peter Bishop 0-0: Ball
1-0: Called Strike
1-1: Fly out, F7 (Flyball, 7LM)
Batting: RHB Reynaldo Gómez 0-0: Foul Ball, location: 2F
0-1: Ball
1-1: Ball
2-1: Called Strike
2-2: Ball
3-2: Strikes out looking
Bottom of the 2nd over - 2 run(s), 3 hit(s), 0 error(s), 1 left on base; Coweta HS 2 - Bishop Verot HS 2
TOP OF THE 3RD
Coweta HS Tigers batting - Pitching for Bishop Verot HS : RHP Mathew Wilcox
Batting: LHB Jim Clemente 0-0: Swinging Strike
0-1: Swinging Strike
0-2: Ball
1-2: Ball
2-2: SOLO HOME RUN (Flyball, 9D), Distance : 375 ft
Batting: RHB José Cisneros 0-0: Ball
1-0: Called Strike
1-1: Ball
2-1: DOUBLE (Flyball, 89D)
Batting: RHB Pat Fernández 0-0: Ball
1-0: Foul Ball, location: 2F
1-1: Fly out, F8 (Popup, 4MD)
Batting: RHB Héctor Vázquez 0-0: Called Strike
0-1: Foul Ball, location: 2F
0-2: Foul Ball, location: 2F
0-2: Ball
1-2: Ground out 6-3 (Groundball, 6)
Batting: RHB Phil Shaw 0-0: Called Strike
0-1: Ball
1-1: Called Strike
1-2: Ball
2-2: Foul Ball, location: 2F
2-2: Ball
3-2: Base on Balls
Batting: RHB Jon Waller 0-0: Ball
1-0: Ball
2-0: Called Strike
2-1: Ground out 4-3 (Groundball, 4)
Top of the 3rd over - 1 run(s), 2 hit(s), 0 error(s), 2 left on base; Coweta HS 3 - Bishop Verot HS 2
BOTTOM OF THE 3RD
Bishop Verot HS batting - Pitching for Coweta HS Tigers : RHP Will Whittier
Batting: RHB Vincent Hancock 0-0: Called Strike
0-1: Ball
1-1: Foul Ball, location: 2F
1-2: Foul Ball, location: 2F
1-2: Fly out, F9 (Flyball, 9M)
Batting: RHB Luis Morales 0-0: Ball
1-0: Ball
2-0: Called Strike
2-1: Called Strike
2-2: Foul Ball, location: 2F
2-2: Foul Ball, location: 2F
2-2: Strikes out looking
Batting: RHB Michael Hall 0-0: Ball
1-0: Foul Ball, location: 2F
1-1: Swinging Strike
1-2: Hit by Pitch
Batting: RHB Nick Vogel 0-0: Ball
Michael Hall steals 2nd base
1-0: Called Strike
1-1: Foul Ball, location: 2F
1-2: Foul Ball, location: 2F
1-2: Ball
2-2: Strikes out swinging
Bottom of the 3rd over - 0 run(s), 0 hit(s), 0 error(s), 1 left on base; Coweta HS 3 - Bishop Verot HS 2
TOP OF THE 4TH
Coweta HS Tigers batting - Pitching for Bishop Verot HS : RHP Mathew Wilcox
Batting: RHB Leonard Martínez 0-0: Foul Ball, location: 2F
0-1: SINGLE (Line Drive, 4M)
Batting: RHB Joe LaFontaine 0-0: Ball
Leonard Martínez steals 2nd base
1-0: Called Strike
1-1: Swinging Strike
1-2: Foul Ball, location: 2F
1-2: Strikes out swinging
Batting: RHB Matt Vargas 0-0: Fly out, F3 (Popup, 3F)
Batting: LHB Jim Clemente 0-0: Called Strike
0-1: Ball
1-1: Ball
2-1: Foul Ball, location: 2F
2-2: Ball
3-2: Foul Ball, location: 2F
3-2: Base on Balls
Batting: RHB José Cisneros 0-0: Ball
1-0: Swinging Strike
1-1: Ball
2-1: Ball
3-1: Foul Ball, location: 2F
3-2: Foul Ball, location: 2F
3-2: Base on Balls
Leonard Martínez to third
Jim Clemente to second
Pitching: RHP Jared Thomas
Batting: RHB Pat Fernández 0-0: Ball
1-0: Foul Ball, location: 2F
1-1: Fielders Choice at 2nd, U6 (Groundball, 6M)
Top of the 4th over - 0 run(s), 1 hit(s), 0 error(s), 3 left on base; Coweta HS 3 - Bishop Verot HS 2
BOTTOM OF THE 4TH
Bishop Verot HS batting - Pitching for Coweta HS Tigers : RHP Will Whittier
Batting: RHB Jon Foster 0-0: Fly out, F8 (Flyball, 8LM)
Batting: RHB Terry Perkins 0-0: Called Strike
0-1: Swinging Strike
0-2: Fly out, F8 (Flyball, 8RM)
Batting: LHB Sandro Márquez 0-0: Called Strike
0-1: Ball
1-1: Swinging Strike
1-2: Foul Ball, location: 2F
1-2: Strikes out swinging
Bottom of the 4th over - 0 run(s), 0 hit(s), 0 error(s), 0 left on base; Coweta HS 3 - Bishop Verot HS 2
TOP OF THE 5TH
Coweta HS Tigers batting - Pitching for Bishop Verot HS : RHP Jared Thomas
Batting: RHB Héctor Vázquez 0-0: Ball
1-0: Called Strike
1-1: Foul Ball, location: 2F
1-2: Ball
2-2: Strikes out swinging
Batting: RHB Phil Shaw 0-0: Swinging Strike
0-1: Foul Ball, location: 2F
0-2: Ball
1-2: Fly out, F8 (Flyball, 89S)
Batting: RHB Jon Waller 0-0: Ball
1-0: Fly out, F8 (Flyball, 8LM)
Top of the 5th over - 0 run(s), 0 hit(s), 0 error(s), 0 left on base; Coweta HS 3 - Bishop Verot HS 2
BOTTOM OF THE 5TH
Bishop Verot HS batting - Pitching for Coweta HS Tigers : RHP Will Whittier
Batting: RHB Peter Bishop 0-0: Fly out, F2 (Popup, 2LF)
Batting: RHB Reynaldo Gómez 0-0: Foul Ball, location: 2F
0-1: Ball
1-1: Foul Ball, location: 2F
1-2: Ball
2-2: Strikes out swinging
Batting: RHB Vincent Hancock 0-0: Called Strike
0-1: Swinging Strike
0-2: Strikes out swinging
Bottom of the 5th over - 0 run(s), 0 hit(s), 0 error(s), 0 left on base; Coweta HS 3 - Bishop Verot HS 2
TOP OF THE 6TH
Coweta HS Tigers batting - Pitching for Bishop Verot HS : RHP Jared Thomas
Batting: RHB Leonard Martínez 0-0: SINGLE (Groundball, 56D)
Batting: RHB Joe LaFontaine 0-0: Grounds into double play, 6-4-3 (Groundball, 6M)
Batting: RHB Matt Vargas 0-0: SINGLE (Groundball, 4M)
Batting: LHB Jim Clemente 0-0: Ball
1-0: Called Strike
1-1: Ball
Matt Vargas steals 2nd base
2-1: Ball
3-1: Called Strike
3-2: Foul Ball, location: 2F
3-2: Foul Ball, location: 2F
3-2: Strikes out looking
Top of the 6th over - 0 run(s), 2 hit(s), 0 error(s), 1 left on base; Coweta HS 3 - Bishop Verot HS 2
BOTTOM OF THE 6TH
Bishop Verot HS batting - Pitching for Coweta HS Tigers : RHP Will Whittier
Batting: RHB Luis Morales 0-0: Foul Ball, location: 2F
0-1: SINGLE (Groundball, 56D)
Batting: RHB Michael Hall 0-0: Called Strike
0-1: Called Strike
0-2: Fielders Choice at 2nd, U6 (Groundball, 6M)
Batting: RHB Nick Vogel 0-0: Ball
1-0: Ground out 4-3 (Groundball, 4M)
Michael Hall to second
Pitching: RHP Wade Stover
Batting: RHB Jon Foster 0-0: Called Strike
0-1: Ball
1-1: Ball
2-1: Fly out, F8 (Flyball, 8RM)
Bottom of the 6th over - 0 run(s), 1 hit(s), 0 error(s), 1 left on base; Coweta HS 3 - Bishop Verot HS 2
TOP OF THE 7TH
Coweta HS Tigers batting - Pitching for Bishop Verot HS : RHP Jared Thomas
Pitching: RHP Pedro Sendejo
Batting: RHB José Cisneros 0-0: Ball
1-0: Foul Ball, location: 2F
1-1: Ball
2-1: Swinging Strike
2-2: Ball
3-2: Base on Balls
Batting: RHB Pat Fernández 0-0: Ball
1-0: Ball
2-0: Grounds into double play, 4-6-3 (Groundball, 4)
Batting: RHB Héctor Vázquez 0-0: Ball
1-0: Swinging Strike
1-1: Ball
2-1: Called Strike
2-2: Ball
3-2: Foul Ball, location: 2F
3-2: Base on Balls
Batting: RHB Phil Shaw 0-0: Foul Ball, location: 2F
0-1: Ball
1-1: Foul Ball, location: 2F
1-2: Ball
2-2: DOUBLE (Line Drive, 8RD)
Héctor Vázquez to third
Héctor Vázquez scores
Batting: RHB Jon Waller 0-0: Ball
1-0: Ball
2-0: Ball
3-0: Called Strike
3-1: Swinging Strike
3-2: Base on Balls
Batting: RHB Leonard Martínez 0-0: Ball
1-0: Ball
2-0: Fly out, F7 (Flyball, 78M)
Top of the 7th over - 1 run(s), 1 hit(s), 0 error(s), 2 left on base; Coweta HS 4 - Bishop Verot HS 2
BOTTOM OF THE 7TH
Bishop Verot HS batting - Pitching for Coweta HS Tigers : RHP Wade Stover
Batting: RHB Terry Perkins 0-0: Ball
1-0: Foul Ball, location: 2F
1-1: Foul Ball, location: 2F
1-2: Fly out, F7 (Flyball, 78M)
Batting: LHB Sandro Márquez 0-0: Ball
1-0: Ball
2-0: Foul Ball, location: 2F
2-1: Swinging Strike
2-2: Strikes out looking
Batting: RHB Peter Bishop 0-0: Called Strike
0-1: Swinging Strike
0-2: Strikes out swinging
Bottom of the 7th over - 0 run(s), 0 hit(s), 0 error(s), 0 left on base; Coweta HS 4 - Bishop Verot HS 2
TOP OF THE 8TH
Coweta HS Tigers batting - Pitching for Bishop Verot HS : RHP Pedro Sendejo
Batting: RHB Joe LaFontaine 0-0: Fly out, F5 (Popup, 25)
Batting: RHB Matt Vargas 0-0: Called Strike
0-1: Swinging Strike
0-2: Ball
1-2: SOLO HOME RUN (Line Drive, 7D), Distance : 376 ft
Batting: LHB Jim Clemente 0-0: Fly out, F8 (Flyball, 8LS)
Batting: RHB José Cisneros 0-0: Called Strike
0-1: Ball
1-1: Swinging Strike
1-2: Ball
2-2: Foul Ball, location: 2F
2-2: Strikes out swinging
Top of the 8th over - 1 run(s), 1 hit(s), 0 error(s), 0 left on base; Coweta HS 5 - Bishop Verot HS 2
BOTTOM OF THE 8TH
Bishop Verot HS batting - Pitching for Coweta HS Tigers : RHP Wade Stover
Batting: RHB Reynaldo Gómez 0-0: Ball
1-0: DOUBLE (Flyball, 8RM)
Pitching: RHP Eddie Huber
Batting: RHB Vincent Hancock 0-0: Ground out 5-3 (Groundball, 56)
Batting: RHB Luis Morales 0-0: Ball
1-0: Ground out 6-3 (Groundball, 56)
Batting: RHB Michael Hall 0-0: Ball
1-0: Called Strike
1-1: Swinging Strike
1-2: Ball
2-2: Ball
3-2: Foul Ball, location: 2F
3-2: Foul Ball, location: 2F
3-2: Strikes out looking
Bottom of the 8th over - 0 run(s), 1 hit(s), 0 error(s), 1 left on base; Coweta HS 5 - Bishop Verot HS 2
TOP OF THE 9TH
Coweta HS Tigers batting - Pitching for Bishop Verot HS : RHP Pedro Sendejo
Pitching: RHP Jim Henson
Batting: RHB Pat Fernández 0-0: Ball
1-0: Swinging Strike
1-1: Ball
2-1: Ball
3-1: Base on Balls
Batting: RHB Héctor Vázquez 0-0: Called Strike
0-1: SINGLE (Line Drive, 89S)
Pat Fernández to second
Batting: RHB Phil Shaw 0-0: Ball
1-0: Ball
2-0: Sac Bunt - play at first, batter safe!
Pat Fernández to third
Héctor Vázquez to second
Pitching: RHP Bob Branch
Batting: RHB Jon Waller 0-0: Called Strike
0-1: DOUBLE (Line Drive, 6D)
Pat Fernández scores
Héctor Vázquez scores
Phil Shaw to third
Batting: RHB Leonard Martínez 0-0: Ball
1-0: Called Strike
1-1: Ball
2-1: Foul Ball, location: 2F
2-2: Strikes out swinging
Batting: RHB Joe LaFontaine 0-0: Called Strike
0-1: Foul Ball, location: 2F
0-2: Ball
1-2: Ball
2-2: Strikes out swinging
Batting: RHB Matt Vargas 0-0: Ball
1-0: Ball
2-0: Ball
3-0: Base on Balls
Batting: LHB Jim Clemente 0-0: Ball
1-0: Called Strike
1-1: Ball
2-1: Ball
3-1: Base on Balls
Phil Shaw scores
Jon Waller to third
Matt Vargas to second
Batting: RHB José Cisneros 0-0: GRAND SLAM HOME RUN (Flyball, 7D), Distance : 386 ft
Pitching: LHP Richard Warren
Batting: RHB Pat Fernández 0-0: Called Strike
0-1: Ball
1-1: Swinging Strike
1-2: Ball
2-2: Ball
3-2: Strikes out swinging
Top of the 9th over - 7 run(s), 4 hit(s), 0 error(s), 0 left on base; Coweta HS 12 - Bishop Verot HS 2
BOTTOM OF THE 9TH
Bishop Verot HS batting - Pitching for Coweta HS Tigers : RHP Eddie Huber
Batting: RHB Nick Vogel 0-0: Ground out 4-3 (Groundball, 4)
Pinch Hitting: RHB Dave Richards 0-0: Called Strike
0-1: Ball
1-1: Ball
2-1: Foul Ball, location: 2F
2-2: Strikes out looking
Batting: RHB Terry Perkins 0-0: Ball
1-0: Called Strike
1-1: Ground out 5-3 (Groundball, 56)
Bottom of the 9th over - 0 run(s), 0 hit(s), 0 error(s), 0 left on base; Coweta HS 12 - Bishop Verot HS 2
This league is powered by Out of the Park Baseball, the baseball management simulation game for PC, Mac and Linux
Wednesday, December 2nd, 2015 - OOTP Baseball 16.8 Build 38